 Dungeon Crawl Stone Soup version 0.29-a0-902-g0f71de6fce (webtiles) character file.

Game seed: 17146734123918739314

345 Malachi the Chiller (level 6, -9/36 HPs)
             Began as an Octopode Ice Elementalist on July 22, 2022.
             Was an Initiate of Cheibriados.
             Mangled by an iron imp (10 damage)
             ... summoned by Eustachio
             ... on level 5 of the Dungeon on July 24, 2022.
             The game lasted 00:06:54 (5091 turns).

Malachi the Chiller (Octopode Ice Elementalist)     Turns: 5091, Time: 00:06:54

Health: -9/36      AC:  1    Str:  5 (8)  XL:     6   Next: 58%
Magic:  7/12       EV: 13    Int: 22 (24) God:    Cheibriados [......]
Gold:   329        SH:  0    Dex:  9 (12) Spells: 7/14 levels left

rFire   . . .      SeeInvis .   (no weapon)
rCold   . . .      Faith    .   (no shield)
rNeg    . . .      Spirit   .   (helmet restricted)
rPois   .          Reflect  .   (no amulet)
rElec   .          Harm     .   (no ring)
rCorr   .          Rampage  .   (no ring)
Will    .....                   (no ring)
Stlth   +++.......              (no ring)
HPRegen 0.00/turn               (no ring)
MPRegen 0.13/turn               (no ring)
                                (no ring)
                                (no ring)

@: freezing walls, inhibited regen, very slow
A: almost no armour, amphibious, 8 rings, camouflage 1, gelatinous body 1,
(nimble swimmer 1), tentacles, clever 1, inhibited regeneration, evolution 1
a: Renounce Religion


You were on level 5 of the Dungeon.
You worshipped Cheibriados.
Cheibriados was noncommittal.
You visited 2 branches of the dungeon, and saw 6 of its levels.

You collected 329 gold pieces.

Inventory:

Scrolls
 g - a scroll of immolation
 i - 2 scrolls of enchant armour
 m - 2 scrolls of teleportation
 q - a scroll of noise
 r - a scroll of poison
Potions
 a - a potion of magic
 d - 2 potions of attraction
 e - a potion of might
 o - a potion of heal wounds


   Skills:
 - Level 2.2 Dodging
 - Level 3.1 Stealth
 + Level 4.5 Spellcasting
 + Level 6.0 Ice Magic


You had 7 spell levels left.
You knew the following spells:

 Your Spells              Type           Power      Damage    Failure   Level
a - Freeze                Ice            100%       1d11      1%          1
b - Frozen Ramparts       Ice            62%        1d8       2%          3
c - Ozocubu's Armour      Ice            31%        N/A       2%          3

Your spell library contained the following spells:

 Spells                   Type           Power      Damage    Failure   Level
 Hailstorm                Conj/Ice       18%        3d6       30%         4


Dungeon Overview and Level Annotations

Branches:
Dungeon (5/15)             Temple (1/1) D:4

Altars:
Ashenzari
Cheibriados
Dithmenos
Elyvilon
Fedhas
Hepliaklqana
Kikubaaqudgha
Makhleb
Nemelex Xobeh
Okawaru
Qazlal
Ru
Sif Muna
Trog
Uskayaw
Vehumet
Xom
Yredelemnul
Zin
The Shining One

Annotations:
D:5 exclusion: ice beast, Eustachio


Innate Abilities, Weirdness & Mutations

You cannot wear most types of armour.
You are amphibious.
You can wear up to eight rings at the same time.
Your skin changes colour to match your surroundings (Stealth+).
Your rubbery body absorbs attacks. (AC +1, EV +1)
((You are camouflaged when in or above water. (Stealth+)))
You have tentacles for arms and can constrict up to eight enemies at once.
Your mind is acute. (Int +4, Str/Dex -1)
You do not regenerate when monsters are visible.
You have hidden genetic potential.


Message History

Eustachio casts a spell.
Eustachio blinks!
The quokka bites you. The quokka attacks as you move away!
The quokka bites you.
* * * LOW HITPOINT WARNING * * *
You feel a little less clever now. The quokka closely misses you.
You see here 12 gold pieces.
Aiming: Freeze (safe; 1% risk of failure)
Press: ? - help, Q - select action, (/) - cycle Shift-Dir - straight line, f - quokka
Aim: a quokka (summoned)
You freeze the quokka!
You kill the quokka!
The quokka's corpse disappears in a puff of smoke!
Eustachio gestures wildly while chanting.
Casting: Freeze (safe; 1% risk of failure)
Confirm with . or Enter, or press ? or * to list all spells.
Casting: Frozen Ramparts (dangerous; 2% risk of failure)
Press: ? - help, Dir - look around, f - activate
Okay, then.
Casting: Frozen Ramparts (dangerous; 2% risk of failure)
Confirm with . or Enter, or press ? or * to list all spells.
Casting: Frozen Ramparts (dangerous; 2% risk of failure)
Press: ? - help, Dir - look around, f - activate The walls around you are covered in ice.
Eustachio mumbles some strange words.
Eustachio blinks!
Unknown command.
The iron imp resists.
The wall freezes the iron imp.
The white imp gestures at you. The puff of frost hits you.
* * * LOW HITPOINT WARNING * * *
Eustachio mumbles some strange words.
Eustachio blinks!
The iron imp resists.
The wall freezes the iron imp.
The iron imp hits you.
* * * LOW HITPOINT WARNING * * *
The iron imp resists.
The wall freezes the iron imp.
The iron imp laughs crazily.
The iron imp hits you!
You die...

### ..# ..).... #.#
###.......
##.#####.##..........
............##.......
##$.............
####5@.####........
......5#..###........
..<............#####
..####.........#....
# ....5............(
..................
.......ยง............
....................
.........<..........


You could see 2 iron imps and a white imp (summoned).

Vanquished Creatures
  An ogre (D:4)
  A howler monkey (D:4)
  Crazy Yiuf (D:2)
  2 orc wizards (D:4)
  4 adders
  A dart slug (D:4)
  5 orcs
  3 bats
  7 endoplasms
  7 giant cockroaches
  17 goblins
  13 hobgoblins
  8 jackals
  3 kobolds
  3 quokkas
  7 ball pythons
  3 frilled lizards
  3 rats
89 creatures vanquished.

Vanquished Creatures (others)
  2 fungi (D:2)
2 creatures vanquished.

Grand Total: 91 creatures vanquished

Notes
Turn   | Place    | Note
-------+----------+-------------------------------------------
     0 | D:1      | Malachi the Octopode Ice Elementalist began the quest for
                  | the Orb.
     0 | D:1      | Reached XP level 1. HP: 11/11 MP: 3/3
    15 | D:1      | Upgraded the game from 0.29-a0-892-g2c4c91d9db to
                  | 0.29-a0-902-g0f71de6fce
   170 | D:1      | Reached XP level 2. HP: 12/17 MP: 1/5
  1008 | D:2      | Reached XP level 3. HP: 17/21 MP: 6/6
  1222 | D:2      | Learned a level 3 spell: Frozen Ramparts
  1226 | D:2      | Learned a level 3 spell: Ozocubu's Armour
  1396 | D:2      | Reached XP level 4. HP: 22/27 MP: 8/8
  1652 | D:2      | Found a faded altar of an unknown god.
  2170 | D:2      | Found a runed translucent door.
  2171 | D:2      | Noticed Crazy Yiuf
  2177 | D:2      | Killed Crazy Yiuf
  2178 | D:2      | Reached skill level 5 in Ice Magic
  2623 | D:3      | Reached XP level 5. HP: 31/31 MP: 10/10
  3500 | D:4      | Found a sacrificial altar of Ru.
  3608 | D:4      | Noticed an ogre
  3620 | D:4      | Reached XP level 6. HP: 20/36 MP: 4/12
  4034 | D:4      | Found a staircase to the Ecumenical Temple.
  4042 | Temple   | Entered the Ecumenical Temple
  4042 | Temple   | Found a transporter.
  4042 | Temple   | Found a transporter.
  4044 | Temple   | Found a transporter.
  4044 | Temple   | Found a transporter.
  4095 | Temple   | Became a worshipper of Cheibriados the Contemplative
  4362 | D:4      | Reached skill level 6 in Ice Magic
  5023 | D:4      | Gained mutation: You do not regenerate when monsters are
                  | visible. [potion of mutation]
  5023 | D:4      | Gained mutation: You have hidden genetic potential. [potion
                  | of mutation]
  5023 | D:4      | Gained mutation: Your mind is acute. (Int +4, Str/Dex -1)
                  | [potion of mutation]
  5049 | D:5      | Entered Level 5 of the Dungeon
  5050 | D:5      | Noticed an ice beast
  5065 | D:5      | Noticed Eustachio
  5090 | D:5      | HP: 1/36 [iron imp[Eustachio] (2)]
  5091 | D:5      | Mangled by an iron imp

Illustrated notes

Levels and vault maps discovered:
D:1:      onia_arrival_pyramid, layout_rooms
D:2:      layout_basic, shapermc_ecumenical_altar_mp_urbaneastern,
          guppyfry_early_orc_mine, uniq_crazy_yiuf_cottage
D:3:      layout_rooms, nicolae_hexahallways
D:4:      cheibrodos_greedy_goblins, layout_loops_ring,
          mainiacjoe_overflow_paths, minmay_temple_entry_junction
D:5:      cheibrodos_iron_armory, layout_rooms, grunt_gozag_breadcrumbs,
          uniq_eustachio
Temple:   hellmonk_temple_divided_pantheon

Skill      XL: |  1  2  3  4  5  6 |
---------------+-------------------+-----
Stealth        | 3 |  3.1
Spellcasting   | 3 4 |  4.5
Ice Magic      | 5 6 |  6.0
Dodging        | |  2.2

Action                   |  1- 3 |  4- 6 || total
-------------------------+-------+-------++-------
Melee: Unarmed           |    32 |     8 ||    40
       Tentacles         |    13 |    10 ||    23
       Constrict         |    11 |    13 ||    24
       Battleaxe         |    16 |    17 ||    33
       Punch             |     1 |       ||     1
       Quarterstaff      |       |    21 ||    21
 Cast: Freeze            |    18 |    28 ||    46
       Frozen Ramparts   |       |     9 ||     9
       Ozocubu's Armour  |       |     1 ||     1
  Use: Scroll            |       |     8 ||     8
       Potion            |       |     7 ||     7
 Stab: Sleeping          |     5 |    10 ||    15
Armor: Skin              |    13 |     6 ||    19
Dodge: Dodged            |    45 |    42 ||    87

Table legend: (Time is in decaauts)
 A = Elapsed time spent in this place.
 B = Non-inter-level travel time spent in this place.
 C = Inter-level travel time spent in this place.
 D = Time resting spent in this place.
 E = Time spent auto-exploring this place.
 F = Levels seen in this place.
 G = Mean time per level.
                   A        B        C        D        E       F      G
               +--------+--------+--------+--------+--------+-----+--------+
         Total |   5233 |   5096 |    137 |   1445 |   2978 |   6 |  872.2 |
       Dungeon |   5158 |   5032 |    126 |   1445 |   2972 |   5 | 1031.6 |
        Temple |     74 |     63 |     11 |      0 |      6 |   1 |   74.0 |
               +--------+--------+--------+--------+--------+-----+--------+

Top non-repeatable levels by time:
     D:4: 1695 daAuts
     D:2: 1559 daAuts
     D:1: 968 daAuts
     D:3: 887 daAuts
  Temple: 74 daAuts
     D:5: 47 daAuts
